 Dungeon Crawl Stone Soup version 0.19.0-11-g3fc08b3 (webtiles) character file.

154 Leybi the Firebug (level 4, -1/33 HPs)
             Began as a Demigod Wanderer on Nov 8, 2016.
             Slain by an ice beast (8 damage)
             ... on level 3 of the Dungeon.
             The game lasted 00:14:28 (4192 turns).

Leybi the Firebug (Demigod Wanderer)                Turns: 4192, Time: 00:14:29

Health: -1/33      AC:  4    Str: 13    XL:     4   Next: 89%
Magic:  9/10       EV: 11    Int: 19    God:
Gold:   138        SH:  0    Dex: 16    Spells: 1 memorised, 7 levels left

rFire  . . .     SeeInvis .     m - +0 dagger
rCold  . . .     Gourm    .     l - +2 animal skin
rNeg   . . .     Faith    .     (no shield)
rPois  .         Spirit   .     (no helmet)
rElec  .         Reflect  .     (no cloak)
rCorr  .         Harm     .     (no gloves)
MR     .....                    (no boots)
Stlth  +.........               (no amulet)
                                (no ring)
                                (no ring)

@: no status effects
A: high mp 1
a: no special abilities


You were on level 3 of the Dungeon.
You were hungry.

You visited 1 branch of the dungeon, and saw 3 of its levels.

You collected 138 gold pieces.

Inventory:

Hand Weapons
 m - a +0 dagger (weapon)
Armour
 l - a +2 animal skin (worn)
Scrolls
 c - a scroll of enchant armour {unknown}
 e - 2 scrolls of identify {unknown}
 h - a scroll of remove curse {unknown}
 j - a scroll of magic mapping {unknown}
 k - a scroll of noise {unknown}
Potions
 i - a potion of might {unknown}
Books
 a - a book of Flames

   Spells                             Type                      Level
   a - Flame Tongue                   Conjuration/Fire             1
   b - Throw Flame                    Conjuration/Fire             2
   c - Conjure Flame                  Conjuration/Fire             3
   d - Inner Flame                    Hexes/Fire                   3
   e - Sticky Flame                   Conjuration/Fire             4
   f - Fireball                       Conjuration/Fire             5
 b - the Handbook of Transformation

   Spells                             Type                      Level
   a - Beastly Appendage              Transmutation                1
   b - Ignite Poison                  Fire/Transmutation/Poison    3
Comestibles
 d - 4 chunks of flesh
 f - 2 bread rations


   Skills:
 - Level 1.0 Throwing
 * Level 2.7 Spellcasting
 + Level 2.1 Conjurations
   Level 1.0 Necromancy
   Level 2.6 Transmutations
 + Level 3.6 Fire Magic
   Level 1.0 Evocations


You had 7 spell levels left.
You knew the following spells:

 Your Spells              Type           Power        Failure   Level  Hunger
a - Flame Tongue          Conj/Fire      ##...        6%          1    None


Dungeon Overview and Level Annotations

Branches:
Dungeon (3/15)

Annotations:
D:3 TBriggs11TB's ghost, amateur MiFi


Innate Abilities, Weirdness & Mutations

You have an increased reservoir of magic. (+10% MP)


Message History

The ice beast hits you. The ice beast freezes you!
You are feeling hungry.
There is a stone staircase leading up here.
The ice beast hits you but does no damage.
You climb upwards.
There is a stone staircase leading down here.
The ice beast hits you but does no damage.
You climb downwards.
Level annotation: TBriggs11TB's ghost, amateur MiFi
There is a stone staircase leading up here.
You see here a jackal corpse.
You butcher the jackal corpse.
The ice beast hits you. The ice beast freezes you!
* * * LOW HITPOINT WARNING * * *
You see here 3 chunks of flesh.
d - 4 chunks of flesh (gained 3)
The ice beast hits you.
* * * LOW HITPOINT WARNING * * *
The ice beast freezes you!
You die...

...# ..# h..# l ..#
...# .# #.# ..h#.##
#.# ....h.# #.#
##.......
#.########...h...#
####.##............#
#....Y@.#####.......#
#.##.##.# ##.......
#.##.##.# #......
#.##....# ###### ##
#.#####.# ..
#.......# #.
######### ###.##
....#


You could see an ice beast.

Vanquished Creatures
  Robin (D:2)
  2 gnolls (D:3)
  4 adders (D:2)
  2 worms (D:2)
  3 dart slugs (D:2)
  2 leopard geckos
  16 goblins
  11 hobgoblins
  5 jackals (D:3)
  6 kobolds (D:1)
  2 ball pythons (D:2)
  7 bats
  8 frilled lizards
  7 rats
76 creatures vanquished.

Notes
Turn   | Place    | Note
-------+----------+-------------------------------------------
     0 | D:1      | Leybi the Demigod Wanderer began the quest for the Orb.
     0 | D:1      | Leybi set off with: a book of Flames, the Handbook of Transformation, a +0 robe, a +0 dagger, a bread ration
     0 | D:1      | Reached XP level 1. HP: 14/14 MP: 4/4
     0 | D:1      | Identified the Handbook of Transformation
     2 | D:1      | Learned a level 1 spell: Flame Tongue
   432 | D:1      | Reached XP level 2. HP: 20/20 MP: 0/6
   517 | D:1      | Reached skill level 1 in Conjurations
   958 | D:1      | Reached skill level 3 in Fire Magic
  2183 | D:2      | Reached XP level 3. HP: 26/26 MP: 4/7
  2632 | D:2      | Found a glowing silver altar of Zin.
  2704 | D:2      | Noticed Robin
  2953 | D:2      | Killed Robin
  2953 | D:2      | Reached XP level 4. HP: 20/33 MP: 1/9
  3920 | D:3      | Noticed TBriggs11TB's ghost (amateur MiFi)
  4154 | D:3      | Noticed an ice beast
  4192 | D:3      | Slain by an ice beast

Skill      XL: |  1  2  3  4 |
---------------+-------------+-----
Conjurations   | 1 2 |  2.1
Fire Magic     | 3 |  3.6
Spellcasting   | 2 |  2.7
Throwing       | |  1.0
Necromancy     | |  1.0
Transmutations | |  2.6
Evocations     | |  1.0

Action                   |  1- 3 |  4- 6 || total
-------------------------+-------+-------++-------
Melee: Dagger            |   147 |    74 ||   221
 Cast: Flame Tongue      |    47 |    37 ||    84
 Stab: Sleeping          |     2 |       ||     2
  Eat: Chunk             |     7 |     4 ||    11
Armor: Robe              |    25 |       ||    25
       Animal skin       |       |    21 ||    21
Dodge: Dodged            |    74 |    49 ||   123
